 Dungeon Crawl Stone Soup version 0.21.1-1-g345015f (webtiles) character file.

5872 diana the Cleaver (level 11, -13/83 HPs)
             Began as a Formicid Fighter on May 26, 2018.
             Was a Priest of Cheibriados.
             Mangled by Erolcha
             ... wielding a +4 giant club
              (33 damage)
             ... on level 9 of the Dungeon.
             The game lasted 00:27:42 (7896 turns).

diana the Cleaver (Formicid Fighter)                Turns: 7896, Time: 00:27:55

Health: -13/83     AC:  8    Str: 34    XL:     11   Next: 8%
Magic:  15/15      EV: 13    Int: 15    God:    Cheibriados [***...]
Gold:   457        SH: 13    Dex: 17    Spells: 10/10 levels left

rFire    + . .     SeeInvis +   A - +2 war axe (elec)
rCold    + . .     Gourm    .   c - +0 shield
rNeg     . . .     Faith    .   x - +1 ring mail {MR+}
rPois    .         Spirit   .   (helmet unavailable)
rElec    .         Reflect  .   g - scarf {rC+ rF+}
rCorr    .         Harm     .   o - +0 pair of gloves {Str+3}
MR       ++...                  (no boots)
Stlth    ..........             (no amulet)
HPRegen  0.23/turn              I - ring of loudness
MPRegen  0.14/turn              l - +2 ring of evasion

@: very slow
A: permanent stasis, dig shafts and tunnels, four strong arms, antennae 3
a: Dig, Shaft Self, Bend Time, Temporal Distortion, Renounce Religion


You were on level 9 of the Dungeon.
You worshipped Cheibriados.
Cheibriados was most pleased with you.
You were near starving.

You visited 2 branches of the dungeon, and saw 10 of its levels.

You collected 457 gold pieces.

Inventory:

Hand Weapons
 w - a +0 hand axe of electrocution
 A - a +2 war axe of electrocution (weapon)
 H - the +8 demon blade "Bloodbane" {slice, *Rage +Rage Stlth-}
   (You found it on level 6 of the Dungeon)

   It inflicts extra damage upon your enemies.
   It lets you go berserk.
   It may make you go berserk in combat.
   It makes you less stealthy.
Armour
 b - a +0 scale mail
 c - a +0 shield (worn)
 g - a scarf of resistance (worn)
 o - a +0 pair of gloves of strength (worn)
 x - a +1 ring mail of magic resistance (worn)
Jewellery
 l - a +2 ring of evasion (right hand)
 C - an uncursed ring of flight
 I - a ring of loudness (left hand)
 J - a cursed ring of resist corrosion {unknown}
Wands
 F - a wand of iceblast (11)
 K - a wand of paralysis (15)
Scrolls
 d - 3 scrolls of immolation {unknown}
 e - a scroll of fog {unknown}
 h - 6 scrolls of amnesia
 j - 3 scrolls of remove curse
 m - 13 scrolls of identify {unknown}
 p - 2 scrolls of fear {unknown}
 r - 3 scrolls of blinking {unknown}
 s - 5 scrolls of teleportation {unknown}
 y - a scroll of noise {unknown}
 B - 4 scrolls of magic mapping {unknown}
 G - 2 scrolls of enchant weapon {unknown}
Potions
 i - 2 potions of flight {unknown}
 k - a potion of heal wounds {unknown}
 n - 3 potions of haste
 q - 2 potions of berserk rage {unknown}
 t - a potion of mutation {unknown}
 z - 4 potions of curing {unknown}
 D - 2 potions of cancellation {unknown}
Books
 a - a book of Changes

   Spells                             Type                      Level
   a - Beastly Appendage              Transmutation                1
   b - Sticks to Snakes               Transmutation                2
   c - Spider Form                    Transmutation/Poison         3
   d - Ice Form                       Ice/Transmutation            4
   e - Blade Hands                    Transmutation                5
 u - a book of Conjurations

   Spells                             Type                      Level
   a - Magic Dart                     Conjuration                  1
   b - Searing Ray                    Conjuration                  2
   c - Dazzling Spray                 Conjuration/Hexes            3
   d - Fulminant Prism                Conjuration/Hexes            4
   e - Force Lance                    Conjuration/Translocation    4
   f - Iskenderun's Mystic Blast      Conjuration                  4
 E - a book of Geomancy

   Spells                             Type                      Level
   a - Sandblast                      Earth                        1
   b - Passwall                       Transmutation/Earth          2
   c - Stone Arrow                    Conjuration/Earth            3
   d - Petrify                        Transmutation/Earth          4
   e - Lee's Rapid Deconstruction     Earth                        5
Comestibles
 f - 18 rations


   Skills:
 + Level 6.8 Fighting
 * Level 11.7 Axes
 + Level 6.7 Armour
 - Level 0.8 Dodging
 + Level 7.4 Shields
 + Level 5.8 Invocations


You had 10 spell levels left.
You didn't know any spells.

Dungeon Overview and Level Annotations

Branches:
Dungeon (9/15)             Temple (1/1) D:5
   Lair: D:8-11         Orc: D:9-12

Altars:
Ashenzari
Cheibriados
Dithmenos
Elyvilon
Fedhas
Gozag
Hepliaklqana
Kikubaaqudgha
Makhleb
Nemelex Xobeh
Okawaru
Qazlal
Ru
Sif Muna
Trog
Uskayaw
Vehumet
Wu Jian
Xom
Yredelemnul
Zin
The Shining One

Shops:
D:6 :   D:8 !   D:9 :

Annotations:
D:9 Erolcha


Innate Abilities, Weirdness & Mutations

You cannot be hasted, slowed, berserked, paralysed or teleported.
You can dig through walls and to a lower floor.
Your four strong arms can wield two-handed weapons with a shield.
You have a pair of large antennae on your head. (SInv)


Message History

You block the yak's attack.
You slice the yak!!
The yak is severely wounded.
The yak gores you!
You slash the yak!
The yak is almost dead.
Erolcha hits you with an enchanted giant club!!
The yak misses you.
Erolcha hits you with an enchanted giant club!
* * * LOW HITPOINT WARNING * * *
You block the yak's attack. x2
There is an open door, spattered with blood here.
You hit Erolcha.
Erolcha is lightly wounded.
You slash the yak! Lightning courses through the yak!
You kill the yak!
Cheibriados thoroughly appreciates the change of pace.
You barely miss the yak.
Erolcha hits you with an enchanted giant club!!
You die...

.......#.....#...............
.......+.....#...............
.......†.⌠...#...............
#.. #.∩....###'####...##...
#...#⌠.⌠###.......#'#######
...........#.......#...#####
...........#.......#...'....
..........Y#.......#...#....
..........O@.#####.#...#....
...........#†#####.'...#....
#########+##.......######...
..............####
..................
...............###
...........##..###
..>.........##.....
..................


You could see Erolcha and a yak.

Vanquished Creatures
  A two-headed ogre (D:8)
  An unseen horror (D:8)
  Joseph (D:7)
  The ghost of AdmiralAndromeda the Twirler, an amateur BaGl (D:4)
  A wyvern (D:9)
  2 yaks (D:9)
  4 hogs (D:7)
  A human (D:7)
  A water moccasin (D:5)
  2 sky beasts
  A hornet zombie (D:5)
  A black bear (D:8)
  5 phantoms
  4 ogres
  2 bullfrogs
  2 scorpions
  A vampire bat (D:3)
  A howler monkey (D:8)
  3 wights (D:6)
  5 crimson imps
  2 quasits (D:8)
  3 jellies
  5 orc priests
  A bullfrog zombie (D:5)
  A centaur skeleton (D:6)
  3 hounds
  6 orc wizards
  8 worker ants
  A hound zombie (D:8)
  A howler monkey zombie (D:2)
  4 gnolls (D:7)
  15 adders
  A shadow imp (D:5)
  2 oozes
  2 adder zombies
  2 adder skeletons
  3 worms
  2 dart slugs (D:1)
  4 leopard geckos
  44 orcs
  2 ball pythons
  7 bats
  3 bat skeletons (D:3)
  2 bat zombies (D:3)
  5 giant cockroaches
  8 goblins
  7 hobgoblins
  3 quokkas
  4 frilled lizards
  9 kobolds
  2 leopard gecko skeletons
  A leopard gecko zombie (D:6)
  6 rats
209 creatures vanquished.

Notes
Turn   | Place    | Note
-------+----------+-------------------------------------------
     0 | D:1      | diana the Formicid Fighter began the quest for the Orb.
     0 | D:1      | Reached XP level 1. HP: 18/18 MP: 1/1
   111 | D:1      | Reached XP level 2. HP: 24/24 MP: 2/2
   615 | D:1      | Reached XP level 3. HP: 28/29 MP: 3/3
   829 | D:2      | Found a burning altar of Makhleb.
   829 | D:2      | Noticed a cacodemon
   904 | D:2      | Reached XP level 4. HP: 21/37 MP: 4/4
  1219 | D:2      | Reached skill level 3 in Axes
  1599 | D:2      | Found an ornate altar of the Wu Jian Council.
  1773 | D:3      | Reached XP level 5. HP: 29/42 MP: 5/5
  1868 | D:3      | Reached skill level 4 in Axes
  2081 | D:3      | Reached XP level 6. HP: 48/48 MP: 6/6
  2205 | D:3      | Found a deep blue altar of Sif Muna.
  2512 | D:3      | Found an ancient bone altar of Kikubaaqudgha.
  2516 | D:3      | Reached skill level 5 in Axes
  2665 | D:4      | Noticed an ogre
  2669 | D:4      | Killed an ogre
  2681 | D:4      | Found a glowing golden altar of the Shining One.
  2746 | D:4      | Reached skill level 6 in Axes
  2746 | D:4      | Reached XP level 7. HP: 50/53 MP: 7/7
  2838 | D:4      | Found a sacrificial altar of Ru.
  2874 | D:4      | Noticed AdmiralAndromeda's ghost (amateur BaGl)
  2914 | D:5      | Entered Level 5 of the Dungeon
  2937 | D:5      | Reached skill level 7 in Axes
  3174 | D:5      | Reached XP level 8. HP: 12/60 MP: 8/8
  3520 | D:5      | Reached skill level 8 in Axes
  3600 | D:5      | Reached skill level 9 in Axes
  3933 | D:5      | Found a staircase to the Ecumenical Temple.
  3942 | Temple   | Entered the Ecumenical Temple
  4172 | Temple   | Became a worshipper of Cheibriados the Contemplative
  4520 | D:6      | Reached skill level 1 in Invocations
  4520 | D:6      | Reached XP level 9. HP: 42/65 MP: 9/9
  4649 | D:6      | Found the +8 demon blade "Bloodbane" {slice, *Rage +Rage Stlth-}
  4675 | D:6      | Found Yngey's Book Shop.
  4687 | D:6      | Found a shimmering altar of Xom.
  4760 | D:6      | Reached skill level 10 in Axes
  4952 | D:6      | Reached skill level 5 in Shields
  5004 | D:6      | Reached * piety under Cheibriados
  5198 | D:7      | Noticed Joseph
  5609 | D:4      | Killed AdmiralAndromeda's ghost
  6234 | D:7      | Killed Joseph
  6234 | D:7      | Reached skill level 5 in Fighting
  6234 | D:7      | Reached skill level 5 in Armour
  6364 | D:7      | Reached XP level 10. HP: 64/74 MP: 12/12
  6545 | D:7      | Found a stormy altar of Qazlal.
  6656 | D:7      | Reached ** piety under Cheibriados
  6661 | D:7      | Reached skill level 11 in Axes
  6785 | D:8      | Found a hazy altar of Hepliaklqana.
  6994 | D:8      | Found Taix's Distillery.
  6994 | D:8      | Noticed a two-headed ogre
  7002 | D:8      | Killed a two-headed ogre
  7002 | D:8      | Reached skill level 5 in Invocations
  7036 | D:8      | Reached *** piety under Cheibriados
  7040 | D:8      | Noticed an unseen horror
  7139 | D:8      | Killed an unseen horror
  7802 | D:9      | Reached XP level 11. HP: 77/83 MP: 15/15
  7870 | D:9      | Found Hogip's Book Shoppe.
  7883 | D:9      | Noticed Erolcha
  7896 | D:9      | Mangled by Erolcha

Skill      XL: |  1  2  3  4  5  6  7  8  9 10 |
---------------+-------------------------------+-----
Shields        | 4 6 7 |  7.4
Axes           | 3 4 6 7 9 10 11 | 11.7
Fighting       | 4 5 6 |  6.8
Armour         | 4 5 6 |  6.7
Invocations    | 1 3 5 |  5.8
Dodging        | |  0.8

Action                   |  1- 3 |  4- 6 |  7- 9 | 10-12 || total
-------------------------+-------+-------+-------+-------++-------
Melee: War axe           |    77 |   161 |   222 |   131 ||   591
       Hand axe          |       |    44 |       |       ||    44
 Abil: Dig               |       |       |     1 |       ||     1
  Use: Scroll            |       |     2 |       |     1 ||     3
       Potion            |       |       |     2 |       ||     2
  Eat: Chunk             |       |     6 |     7 |     1 ||    14
       Ration            |       |       |     1 |       ||     1
Armor: Scale mail        |    48 |    46 |       |       ||    94
       Ring mail         |       |    18 |    37 |    29 ||    84
Dodge: Dodged            |    56 |    75 |    92 |    68 ||   291
Block: Shield            |    49 |   109 |    80 |    78 ||   316
